 Dungeon Crawl Stone Soup version 0.28-a0-773-g130ae17fe5 (webtiles) character file.

Game seed: 17704714342028980196

2191 ytrimaz the Protected (level 9, -2/61 HPs)
             Began as a Demonspawn Gladiator on Nov 1, 2021.
             Killed by divine providence
             ... invoked by an orc priest
              (17 damage)
             ... on level 6 of the Dungeon.
             The game lasted 00:09:24 (6924 turns).

ytrimaz the Protected (Demonspawn Gladiator)        Turns: 6924, Time: 00:09:25

Health: -2/61      AC:  8    Str: 15    XL:     9   Next: 12%
Magic:  24/24      EV: 14    Int: 14    God:
Gold:   739        SH:  0    Dex: 15    Spells: 16/16 levels left

rFire   . . .      SeeInvis .   t - +2 whip (flame)
rCold   . . .      Faith    .   (no shield)
rNeg    . . .      Spirit   .   b - +0 leather armour
rPois   .          Reflect  .   (helmet restricted)
rElec   .          Harm     .   c - scarf {repulsion}
rCorr   .          Rampage  .   (no gloves)
Will    .....                   (no boots)
Stlth   +.........              (no amulet)
HPRegen 0.20/turn               n - +4 ring of protection
MPRegen 0.19/turn               h - ring of magical power

@: repel missiles
A: antennae 1, demonic guardian 2, spiny 1, big brain 1
a: no special abilities


You were on level 6 of the Dungeon.
You visited 1 branch of the dungeon, and saw 6 of its levels.

You collected 1239 gold pieces.
You spent 500 gold pieces at shops.

Inventory:

Hand Weapons
 t - a +2 whip of flaming (weapon)
Missiles
 d - 5 throwing nets (quivered)
Armour
 b - a +0 leather armour (worn)
 c - a scarf of repulsion (worn)
Jewellery
 h - a ring of magical power (right hand)
 n - a +4 ring of protection (left hand)
Wands
 e - a wand of polymorph (3)
Scrolls
 f - 3 scrolls of enchant armour
 i - 3 scrolls of magic mapping
 k - 2 scrolls of fog
 l - 2 scrolls of enchant weapon
 m - a scroll of noise
 p - a scroll of brand weapon
 q - a scroll of blinking
Potions
 a - a potion of resistance {unknown}
 g - 3 potions of curing
 j - 2 potions of haste
 o - a potion of attraction
 s - a potion of lignification {unknown}
 u - 2 potions of ambrosia
 v - a potion of flight {unknown}


   Skills:
 - Level 2.1 Fighting
 - Level 2.6 Axes
 - Level 1.7 Throwing
 * Level 8.2 Armour
 + Level 6.5 Dodging
 * Level 4.0 Spellcasting


You had 16 spell levels left.
You didn't know any spells.
Your spell library contained the following spells:

 Spells                   Type           Power      Damage    Failure   Level
 Corpse Rot               Necr/Air       4%         N/A       34%         2
 Ensorcelled Hibernation  Hex/Ice        4%         N/A       34%         2
 Poisonous Vapours        Pois/Air       4%         N/A       34%         2
 Spider Form              Tmut/Pois      2%         N/A       56%         3
 Borgnjor's Revivificati  Necr           1%         N/A       100%        8
 Necromutation            Tmut/Necr      1%         N/A       100%        8
 Death's Door             Necr           1%         N/A       100%        9


Dungeon Overview and Level Annotations

Branches:
Dungeon (6/15)
 Temple: D:4-7

Altars:

Shops:
D:2 ?   D:4 [


Innate Abilities, Weirdness & Mutations

You have a pair of small antennae on your head.
A demonic guardian rushes to your aid.
You are partially covered in sharp spines.
You have an unusually large brain. (Int +2)


Message History

The orc priest shouts!
Something barely misses you.
An orc priest comes into view. It is wielding a +0 hand axe.
You barely miss the orc.
The orc is lightly wounded.
The orc is struck by your spines. The orc hits you with a +0 short sword.
You closely miss the orc.
The orc is severely wounded.
The orc wizard gestures wildly while chanting.
The orc wizard flickers and vanishes!
The orc hits you with a +0 short sword.
You hit the orc. You burn the orc.
You kill the orc!
Unknown command.
You hit something. You burn something.
The orc wizard points at you and mumbles some strange words.
The magic dart hits something.
Something hits you but does no damage.
You closely miss something.
The orc priest shouts!
The orc priest looks braver for a moment.
The orc wizard gestures at you while chanting.
The magic dart hits something.
Reactivating autopickup.
You feel a bit more experienced.
The orc wizard gestures at you while chanting.
The magic dart hits you!
* * * LOW HITPOINT WARNING * * *
Things that are here:
a +0 dagger; a +0 robe; a +0 short sword The orc wizard is struck by your spines.
The orc wizard hits you but does no damage.
You barely miss the orc wizard.
The orc wizard is heavily wounded.
The orc wizard hits you with a +0 dagger.
* * * LOW HITPOINT WARNING * * *
Unknown command.
You hit the orc wizard. You burn the orc wizard.
The orc wizard is severely wounded.
The orc priest invokes the aid of Beogh against you.
Beogh smites you!
You die...

#+ #+# #.#####.#
.##.##....>#o###########
..?.....<..o{o@)./......
....####...oo###########
..#.####.#.###
..........#
.#.####.......#
##..###.# ..... ##.#...
...#o#


You could see 2 orc priests, an orc wizard and 2 orcs.

Vanquished Creatures
  Pikel (D:5)
  Grinder (D:5)
  Sigmund (D:5)
  A necrophage (D:5)
  3 ogres
  A centaur (D:5)
  2 lemures (D:5)
  3 scorpions (D:5)
  A wyvern zombie (D:6)
  2 water moccasin skeletons
  A jelly (D:4)
  5 hounds
  2 bullfrog skeletons
  A centaur skeleton (D:4)
  3 iguanas (D:5)
  3 orc wizards (D:5)
  4 hound zombies (D:5)
  6 adders
  A white imp (D:6)
  An ufetubus (D:4)
  An adder skeleton (D:4)
  A worm (D:2)
  2 dart slugs
  13 orcs
  7 ball pythons
  4 bats
  7 endoplasms
  6 giant cockroaches
  5 goblins
  A hobgoblin (D:2)
  2 jackals (D:4)
  2 kobolds (D:1)
  5 quokkas
  4 frilled lizards
  4 rats
107 creatures vanquished.

Vanquished Creatures (others)
  An orc wizard (D:6)
1 creature vanquished.

Grand Total: 108 creatures vanquished

Notes
Turn   | Place    | Note
-------+----------+-------------------------------------------
     0 | D:1      | ytrimaz the Demonspawn Gladiator began the quest for the
                  | Orb.
     0 | D:1      | Reached XP level 1. HP: 16/16 MP: 1/1
   300 | D:1      | Gained mutation: You have an unusually large brain. (Int
                  | +2) [demonic ancestry]
   300 | D:1      | Reached XP level 2. HP: 22/22 MP: 2/2
   451 | D:1      | Found a faded altar of an unknown god.
   651 | D:1      | Reached skill level 1 in Armour
  1056 | D:2      | Reached XP level 3. HP: 27/27 MP: 3/3
  1139 | D:2      | Reached skill level 1 in Spellcasting
  1149 | D:2      | Found Faucrene's Magic Scroll Boutique.
  2019 | D:2      | Gained mutation: You have a pair of small antennae on your
                  | head. [demonic ancestry]
  2019 | D:2      | Reached XP level 4. HP: 25/33 MP: 5/5
  2141 | D:2      | Identified a scroll of acquirement
  2143 | D:2      | Acquired 962 gold pieces
  2158 | D:2      | Bought a scroll of identify for 22 gold pieces
  2158 | D:2      | Bought a scroll of identify for 22 gold pieces
  2158 | D:2      | Bought a scroll of enchant armour for 82 gold pieces
  2158 | D:2      | Bought a scroll of identify for 22 gold pieces
  2158 | D:2      | Bought a scroll of identify for 22 gold pieces
  2158 | D:2      | Bought a scroll of magic mapping for 38 gold pieces
  2158 | D:2      | Bought a scroll of magic mapping for 38 gold pieces
  2158 | D:2      | Bought a scroll of identify for 22 gold pieces
  2189 | D:3      | Reached skill level 2 in Armour
  3164 | D:4      | Gained mutation: You are partially covered in sharp spines.
                  | [demonic ancestry]
  3164 | D:4      | Reached XP level 5. HP: 33/38 MP: 7/7
  3174 | D:4      | Reached skill level 3 in Armour
  3698 | D:4      | Noticed an ogre
  3705 | D:4      | Killed an ogre
  3706 | D:4      | Gained mutation: A weak demonic guardian rushes to your
                  | aid. [demonic ancestry]
  3706 | D:4      | Reached XP level 6. HP: 44/44 MP: 7/9
  3707 | D:4      | Reached skill level 4 in Armour
  3752 | D:4      | Found Demy's Antique Armour Emporium.
  3760 | D:4      | Bought a glowing scarf for 232 gold pieces
  4080 | D:5      | Entered Level 5 of the Dungeon
  4318 | D:5      | Reached XP level 7. HP: 50/50 MP: 10/10
  4377 | D:5      | Reached skill level 5 in Armour
  4385 | D:5      | Reached skill level 5 in Dodging
  4388 | D:5      | Reached skill level 6 in Armour
  4400 | D:5      | Gained mutation: A demonic guardian rushes to your aid.
                  | [demonic ancestry]
  4400 | D:5      | Reached XP level 8. HP: 36/56 MP: 12/12
  4578 | D:5      | Noticed Sigmund
  4627 | D:5      | Killed Sigmund
  5125 | D:5      | Noticed Pikel
  5166 | D:5      | Killed Pikel
  5167 | D:5      | Reached skill level 7 in Armour
  6247 | D:5      | Noticed Grinder
  6251 | D:5      | Paralysed by Grinder for 2 turns
  6259 | D:5      | Killed Grinder
  6260 | D:5      | Reached skill level 8 in Armour
  6260 | D:5      | Reached XP level 9. HP: 33/61 MP: 15/15
  6924 | D:6      | Killed from afar by an orc priest

Illustrated notes

Levels and vault maps discovered:
D:1:      amcnicky_arrival_blooded_trapdoor, layout_basic,
          ebering_ecumenical_altar_rust, st_stairs_2, minmay_tetromino_s4
D:2:      layout_rooms, serial_shops, shop
D:3:      layout_loops_ring
D:4:      layout_gridville, serial_shops, nicolae_shop_stone,
          hangedman_decor_points
D:5:      layout_basic, minmay_joined_circles, uniq_pikel, uniq_grinder,
          uniq_sigmund
D:6:      layout_basic, nicolae_ashenzari_skybound

Skill      XL: |  1  2  3  4  5  6  7  8 |
---------------+-------------------------+-----
Dodging        | 3 4 5 6 |  6.5
Armour         | 1 2 3 4 6 8 |  8.2
Spellcasting   | 1 2 3 4 |  4.0
Fighting       | |  2.1
Axes           | |  2.6
Throwing       | |  1.7

Action                   |  1- 3 |  4- 6 |  7- 9 || total
-------------------------+-------+-------+-------++-------
Melee: War axe           |   110 |   104 |    49 ||   263
       Whip              |       |       |    43 ||    43
       Unarmed           |       |       |    17 ||    17
Throw: Throwing net      |       |       |     1 ||     1
  Use: Scroll            |     2 |     8 |     5 ||    15
       Potion            |       |       |     3 ||     3
 Stab: Distracted        |       |       |     1 ||     1
       Sleeping          |       |       |     1 ||     1
Armor: Leather armour    |    37 |    36 |    42 ||   115
       Skin              |       |       |    10 ||    10
Dodge: Dodged            |    86 |    94 |   120 ||   300
       Repelled          |       |       |     4 ||     4

Table legend: (Time is in decaauts)
 A = Elapsed time spent in this place.
 B = Non-inter-level travel time spent in this place.
 C = Inter-level travel time spent in this place.
 D = Time resting spent in this place.
 E = Time spent auto-exploring this place.
 F = Levels seen in this place.
 G = Mean time per level.
                   A        B        C        D        E       F      G
               +--------+--------+--------+--------+--------+-----+--------+
         Total |   7000 |   6874 |    126 |   2141 |   3652 |   6 | 1166.7 |
       Dungeon |   7000 |   6874 |    126 |   2141 |   3652 |   6 | 1166.7 |
               +--------+--------+--------+--------+--------+-----+--------+

Top non-repeatable levels by time:
     D:5: 2815 daAuts
     D:1: 1351 daAuts
     D:4: 1017 daAuts
     D:3: 900 daAuts
     D:2: 875 daAuts
     D:6: 39 daAuts
